 Dungeon Crawl Stone Soup version 0.26-a0-466-g989023bd0d (webtiles) character file.

Game seed: 2564346749571462869

796 vurker the Chiller (level 7, -2/45 HPs)
             Began as an Octopode Ice Elementalist on Aug 9, 2020.
             Killed by nerve-wracking pain
             ... invoked by an orc priest
              (10 damage)
             ... on level 6 of the Dungeon.
             The game lasted 00:07:37 (5169 turns).

vurker the Chiller (Octopode Ice Elementalist)      Turns: 5169, Time: 00:07:38

Health: -2/45      AC:  1    Str:  7    XL:     7   Next: 89%
Magic:  5/13       EV: 13    Int: 20    God:
Gold:   243        SH:  4    Dex: 12    Spells: 2/14 levels left

rFire    . . .     SeeInvis +   c - +2 short sword (elec)
rCold    . . .     Faith    .   e - +0 buckler
rNeg     . . .     Spirit   .   (helmet restricted)
rPois    .         Reflect  .   (no amulet)
rElec    .         Harm     .   h - ring of resist corrosion
rCorr    +                      l - ring of see invisible
MR       .....                  (no ring)
Stlth    +++.......             (no ring)
HPRegen  0.15/turn              (no ring)
MPRegen  0.13/turn              (no ring)
                                (no ring)
                                (no ring)

@: no status effects
A: almost no armour, stealthy swim, amphibious, 8 rings, constrict 8, camouflage
1, gelatinous body 1
a: no special abilities


You were on level 6 of the Dungeon.
You visited 1 branch of the dungeon, and saw 6 of its levels.

You collected 313 gold pieces.
You spent 70 gold pieces at shops.

Inventory:

Hand Weapons
 c - a +2 short sword of electrocution (weapon)
   (You took it off a kobold on level 2 of the Dungeon)
Armour
 e - a +0 buckler (worn)
   (You found it on level 4 of the Dungeon)
Jewellery
 h - a ring of resist corrosion (left tentacle)
   (You took it off an orc on level 3 of the Dungeon)
 l - a ring of see invisible (right tentacle)
   (You found it on level 5 of the Dungeon)
Wands
 v - a wand of digging (5)
   (You took it off Ijyb on level 4 of the Dungeon)
Scrolls
 d - 2 scrolls of teleportation
 k - 2 scrolls of remove curse
Potions
 b - 3 potions of resistance
 f - 2 potions of curing
 g - a potion of cancellation {unknown}
 i - a potion of heal wounds {unknown}
 j - 2 potions of brilliance


   Skills:
 + Level 2.6 Fighting
 - Level 2.0 Dodging
 - Level 2.6 Stealth
 * Level 2.4 Shields
 * Level 4.3 Spellcasting
 - Level 3.0 Conjurations
 * Level 2.4 Summonings
 * Level 5.9 Ice Magic


You had 2 spell levels left.
You knew the following spells:

 Your Spells              Type           Power        Failure   Level
a - Freeze                Ice            ####         1%          1
b - Frozen Ramparts       Ice            ####..       4%          3
c - Hailstorm             Conj/Ice       ###.....     24%         4
d - Summon Ice Beast      Ice/Summ       ###.....     26%         4

Your spell library contained the following spells:

 Spells                   Type           Power        Failure   Level
 Ozocubu's Armour         Ice            ####....     4%          3


Dungeon Overview and Level Annotations

Branches:
Dungeon (6/15)
 Temple: D:4-7

Altars:
Dithmenos
Elyvilon
Hepliaklqana
Nemelex Xobeh
Wu Jian

Shops:
D:5 (   D:6 ?

Annotations:
D:6 Dowan


Innate Abilities, Weirdness & Mutations

You cannot wear most types of armour.
You are very stealthy in the water. (Stealth+)
You are amphibious.
You can wear up to eight rings at the same time.
You can use your tentacles to constrict eight enemies at once.
Your skin changes colour to match your surroundings (Stealth+).
Your rubbery body absorbs attacks. (AC +1, EV +1)


Message History

The centaur shouts!
The centaur wields a +0 shortbow.
The centaur shoots an arrow.
The arrow barely misses you.
The centaur shoots an arrow.
The arrow hits you!
The centaur shoots an arrow.
The arrow hits you.
You hear a shout!
You see here an arrow.
The centaur shoots an arrow.
You block the arrow.
You see here an arrow.
The centaur shoots an arrow.
You block the arrow.
An orc priest comes into view. It is wielding a +0 hand axe.
The orc priest moves out of view.
You see here an arrow.
A sky beast comes into view.
The centaur unwields a +0 shortbow.
The centaur hits you.
The sky beast moves out of view.
The walls around you are covered in ice.
The wall freezes the centaur.
The centaur hits you.
Aim: a centaur, quivering 13 arrows (lightly wounded)
You freeze the centaur.
The wall freezes the centaur.
The centaur hits you.
* * * LOW HITPOINT WARNING * * *
The wall freezes the sky beast.
The wall freezes the centaur.
The centaur closely misses you.
The orc priest casts a cantrip, but nothing happens.
Aim: a centaur, quivering 13 arrows (severely wounded)
You freeze the centaur.
The wall freezes the centaur.
The centaur barely misses you.
An orc comes into view. It is wielding a +0 dagger.
Aim: a centaur, quivering 13 arrows (almost dead)
You freeze the centaur!
You kill the centaur!
The orc shouts!
You hear a shout!
The wall freezes the sky beast.
An orc wizard comes into view. It is wielding a +0 dagger.
The wall freezes the sky beast.
The orc wizard moves out of view.
You see here an arrow.
Aim: a sky beast (moderately wounded)
You freeze the sky beast.
The wall freezes the sky beast.
You block the sky beast's attack.
The wall freezes the orc priest.
Aim: a sky beast (severely wounded)
You freeze the sky beast!
The frozen ramparts melt away.
The sky beast barely misses you.
The orc priest calls down the wrath of Beogh upon you.
Beogh smites you!
* * * LOW HITPOINT WARNING * * *
Aim: a sky beast (almost dead)
You freeze the sky beast!
You kill the sky beast!
The orc priest calls down the wrath of Beogh upon you.
Pain shoots through your body!
You die...

... #.##########
###.##....... #
..........#
####.##.##.....###
........(.........
###.....#(...###
#####.#(...#
#.#@#..#
#.#.#....o
#.#o)....o.
#.###...... ...
#.# ###.## #.. #.#
#..# #.# #.# #.#
#.# #.# #.# # #.#
#.# #.# #.# .#
##.## #.# #.# #.#


You could see an orc priest.

Vanquished Creatures
  A sky beast (D:6)
  A centaur (D:6)
  A bullfrog (D:6)
  A scorpion (D:5)
  2 howler monkeys
  A hound (D:4)
  Ijyb (D:4)
  A jelly (D:5)
  2 centaur skeletons
  3 orc wizards
  A worker ant (D:5)
  A worker ant zombie (D:5)
  3 gnolls (D:5)
  2 adders
  2 shadow imps (D:5)
  A white imp (D:5)
  2 ufetubi (D:5)
  2 oozes (D:2)
  A worm (D:2)
  2 dart slugs
  3 leopard geckos
  14 orcs
  5 bats
  4 giant cockroaches
  3 hobgoblins
  8 jackals
  3 quokkas
  2 ball pythons
  4 frilled lizards
  A giant cockroach zombie (D:3)
  6 goblins
  6 kobolds
  4 rats
94 creatures vanquished.

Notes
Turn   | Place    | Note
-------+----------+-------------------------------------------
     0 | D:1      | vurker the Octopode Ice Elementalist began the quest for
                  | the Orb.
     0 | D:1      | Reached XP level 1. HP: 11/11 MP: 3/3
   420 | D:1      | Reached XP level 2. HP: 17/18 MP: 5/5
  1106 | D:2      | Reached XP level 3. HP: 13/22 MP: 3/6
  1239 | D:1      | Learned a level 3 spell: Frozen Ramparts
  1240 | D:2      | Found a hazy altar of Hepliaklqana.
  1241 | D:2      | Reached skill level 1 in Fighting
  1667 | D:2      | Found an ornate altar of the Wu Jian Council.
  2207 | D:3      | Reached XP level 4. HP: 22/28 MP: 4/8
  2213 | D:3      | Learned a level 4 spell: Hailstorm
  2442 | D:3      | Reached skill level 1 in Conjurations
  2442 | D:3      | Reached XP level 5. HP: 22/33 MP: 1/9
  2734 | D:3      | Found a sparkling altar of Nemelex Xobeh.
  2958 | D:3      | Reached skill level 5 in Ice Magic
  3378 | D:4      | Found a white marble altar of Elyvilon.
  3439 | D:4      | Found a shadowy altar of Dithmenos.
  3586 | D:4      | Noticed Ijyb
  3592 | D:4      | Killed Ijyb
  3592 | D:4      | Reached XP level 6. HP: 27/39 MP: 7/11
  3598 | D:4      | Learned a level 4 spell: Summon Ice Beast
  4125 | D:5      | Entered Level 5 of the Dungeon
  4204 | D:5      | Found Unatuh's Weapon Shoppe.
  4338 | D:5      | Reached skill level 1 in Shields
  4338 | D:5      | Reached skill level 1 in Summonings
  4345 | D:5      | Reached XP level 7. HP: 37/45 MP: 6/12
  4945 | D:6      | Noticed Dowan
  5103 | D:6      | Found Daxalaol's Magic Scroll Shoppe.
  5105 | D:6      | Bought a scroll of teleportation for 42 gold pieces
  5105 | D:6      | Bought a scroll of identify for 28 gold pieces
  5169 | D:6      | Killed from afar by an orc priest

Illustrated notes

Levels and vault maps discovered:
D:1:      lemuel_arrival_muddy, layout_loops_ring,
          wander_ebering_terrifying_dragon_lair
D:2:      layout_rooms, old_standard_altar, lemuel_crystal_altar, serial_rivers,
          chequers_serial_rivers_small_b, chequers_serial_rivers_micro_e,
          chequers_serial_rivers_small_3, chequers_serial_rivers_small_a,
          minmay_bisected
D:3:      kennysheep_big_flooded_room, layout_basic, overflow_temple_1_default
D:4:      layout_loops_ring, old_standard_altar, elyvilon_altar_3, uniq_ijyb
D:5:      layout_rooms, serial_shops, kennysheep_mini_moat,
          minmay_misc_feat_doors
D:6:      layout_loops_ring, lemuel_temple_firewalk_b, serial_shops, shop,
          hangedman_decor_clover_reticule, minivault_22, uniq_duvessa

Skill      XL: |  1  2  3  4  5  6  7 |
---------------+----------------------+-----
Fighting       | 1 2 |  2.6
Spellcasting   | 3 4 |  4.3
Conjurations   | 1 2 3 |  3.0
Ice Magic      | 5 |  5.9
Shields        | 1 2 |  2.4
Summonings     | 1 2 |  2.4
Dodging        | |  2.0
Stealth        | |  2.6

Action                   |  1- 3 |  4- 6 |  7- 9 || total
-------------------------+-------+-------+-------++-------
Melee: Dagger            |    47 |       |       ||    47
       Unarmed           |     7 |       |       ||     7
       Constrict         |    17 |    12 |     6 ||    35
       Tentacles         |     8 |    11 |     1 ||    20
       Short sword       |    19 |    51 |    25 ||    95
 Cast: Freeze            |     8 |     8 |     8 ||    24
       Frozen Ramparts   |     2 |     9 |     7 ||    18
  Use: Scroll            |     5 |     4 |     2 ||    11
 Stab: Sleeping          |     9 |     3 |     2 ||    14
       Distracted        |     1 |       |       ||     1
Armor: Skin              |     6 |     4 |     2 ||    12
Dodge: Dodged            |    49 |    41 |    18 ||   108
Block: Buckler           |       |     4 |    10 ||    14

Table legend: (Time is in decaauts)
 A = Elapsed time spent in this place.
 B = Non-inter-level travel time spent in this place.
 C = Inter-level travel time spent in this place.
 D = Time resting spent in this place.
 E = Time spent auto-exploring this place.
 F = Levels seen in this place.
 G = Mean time per level.
                   A        B        C        D        E       F      G
               +--------+--------+--------+--------+--------+-----+--------+
         Total |   5179 |   4920 |    259 |     60 |   4161 |   6 |  863.2 |
       Dungeon |   5179 |   4920 |    259 |     60 |   4161 |   6 |  863.2 |
               +--------+--------+--------+--------+--------+-----+--------+

Top non-repeatable levels by time:
     D:1: 1118 daAuts
     D:3: 1046 daAuts
     D:4: 1042 daAuts
     D:2: 923 daAuts
     D:5: 843 daAuts
     D:6: 204 daAuts
